AoeStats
← DSLG | Shamer

Coastal Forest

510933918Analyzed
4v4 RM · 13h ago on Oct 3, 2026· 12m 59s· 8 players
Game mode
Random Map
Map size
Large (8 player)
Population
200
Speed
Normal
Resources
Standard
Victory
Conquest
Starting age
Dark Age
Ending age
Imperial Age
RankedLock teamsTeams togetherTeam positionsShared explorationLock speedFull tech treeHidden civsTurbo modeCheats
Victory
Defeat
🇺🇸 Berbers · United States
1221
+13
🇺🇸 Japanese · United States
1197
+14
🇵🇭 Hindustanis · Philippines
1150
+16
🇬🇧 Mongols · United Kingdom
1112
+17
🇧🇷 Varangians · Brazil
1174
-16
🇨🇱 Japanese · Chile
1164
-16
🇨🇦 Japanese · Canada
1152
-15
🇵🇪 Lithuanians · Peru
1106
-13
thegladiator989
4:34 Loom
Junioronga
vgmSTyLe
DSLG | Shamer
8:04 Loom
10:46 Feudal Age
12:46 Double-Bit Axe
iamjhing
7:03 Loom
9:24 Feudal Age
10:11 Double-Bit Axe
11:09 Horse Collar
JustOutOfRange
8:10 Loom
11:02 Feudal Age
Chianti | AwE
6:20 Loom
8:32 Feudal Age
9:12 Double-Bit Axe
9:21 Horse Collar
13:31 Forging
Lord_Lion
8:02 Loom
10:32 Feudal Age
10:33 Man-at-Arms
Connection lost

Rejoining the realm…

Still unreachable

The connection could not be restored.

Session expired

The server has moved on; the page needs a fresh start.